[Event "ICC tourney 1900 (45 10)"]
[Site "Internet Chess Club"]
[Date "2020.07.04"]
[Round "2"]
[White "cloak1"]
[Black "sushivishwa"]
[Result "1-0"]
[ICCResult "Black checkmated"]
[WhiteElo "1576"]
[BlackElo "1422"]
[Opening "Bogo-Indian defense"]
[ECO "E11"]
[NIC "QI.01"]
[Time "13:30:55"]
[TimeControl "2700+10"]

1. d4 Nf6 2. c4 e6 3. Nf3 Bb4+ 4. Bd2 a5 5. a3 Bxd2+ 6. Qxd2 d6 7. Nc3 Nbd7
8. e4 e5 9. Be2 O-O 10. O-O Re8 11. b4 exd4 12. Qxd4 Ne5 13. Nxe5 dxe5 14.
Qxd8 Rxd8 15. Rad1 Be6 16. b5 Nd7 17. Nd5 c6 18. bxc6 bxc6 19. Nc7 Rab8 20.
Nxe6 fxe6 21. Rd6 Nf6 22. Rxc6 Rd4 23. Bf3 Nxe4 24. Bg4 Ng5 25. h3 Kf7 26.
Rc5 Kf6 27. Rc1 Rb2 28. Rxa5 Rdd2 29. Rb5 Ra2 30. Rb3 Ke7 31. Rb7+ Kf6 32.
Rb6 g6 33. Re1 h5 34. h4 hxg4 35. hxg5+ Kxg5 36. Rxe5+ Kf4 37. Rbxe6 g3 38.
fxg3+ Kxg3 39. Rxg6+ Kf4 40. Rd5 Rdc2 41. Rd4+ Ke5 42. Rh4 Kf5 43. Rg3 Rc1+
44. Kh2 Raa1 45. Rf3+ Kg5 46. Kg3 Rg1 47. Rg4+ Kh5 48. Kf4 Raf1 49. Rg5+ Kh6
50. Rxf1 Rxf1+ 51. Kg4 Ra1 52. Ra5 Rc1 53. Ra6+ Kg7 54. Rc6 Kf7 55. Kg5 Rc3
56. g4 Rxa3 57. Rc7+ Ke6 58. Kg6 Ra8 59. Kg7 Kd6 60. Rf7 Ra4 61. Rf4 Ke5 62.
Rf5+ Ke6 63. Rf6+ Ke5 64. g5 Rxc4 65. g6 Rc7+ 66. Rf7 Rc6 67. Kh7 Rc1 68.
Kg8 Rc8+ 69. Rf8 Rc6 70. g7 Rh6 71. Kf7 Rh7 72. Kg6 Rh1 73. Rf5+ Ke4 74.
g8=Q Rg1+ 75. Rg5 Rxg5+ 76. Kxg5 Ke5 77. Qc4 Kd6 78. Kf6 Kd7 79. Qc5 Ke8 80.
Ke6 Kd8 81. Qc1 Ke8 82. Qc8# {Black checkmated} 1-0

[Event "ICC tourney 1900 (45 10)"]
[Site "Internet Chess Club"]
[Date "2020.07.04"]
[Round "2"]
[White "Aniketshukla"]
[Black "HarleyQueen8"]
[Result "1-0"]
[ICCResult "Black checkmated"]
[WhiteElo "1543"]
[BlackElo "1510"]
[Opening "Sicilian"]
[ECO "B56"]
[NIC "SI.25"]
[Time "13:30:58"]
[TimeControl "2700+10"]

1. e4 c5 2. Nf3 d6 3. d4 cxd4 4. Nxd4 Nf6 5. Nc3 Nc6 6. Be3 Ng4 7. Bb5 Nxe3
8. Nxc6 Nxd1 9. Nxd8+ Kxd8 10. Rxd1 a6 11. Bc4 Be6 12. Bxe6 fxe6 13. O-O g6
14. f4 Bg7 15. e5 Kc7 16. Ne4 dxe5 17. Nc5 Kc6 18. Nxe6 Bf6 19. c4 exf4 20.
b4 g5 21. Rd5 h6 22. Rfd1 Kb6 23. a4 Rac8 24. c5+ Ka7 25. b5 a5 26. b6+ Ka8
27. Rd7 Rhg8 28. Rc7 Be5 29. Rxe7 Bf6 30. Rf7 Be5 31. Rdd7 Rb8 32. c6 Rbe8
33. Rxb7 Bb8 34. Nc7+ Bxc7 35. Rfxc7 Re1+ 36. Kf2 Rge8 37. Ra7+ Kb8 38.
Rcb7+ Kc8 39. Ra8# {Black checkmated} 1-0

[Event "ICC tourney 1900 (45 10)"]
[Site "Internet Chess Club"]
[Date "2020.07.04"]
[Round "2"]
[White "ORSAJack88"]
[Black "aghilan"]
[Result "0-1"]
[ICCResult "White resigns"]
[WhiteElo "1463"]
[BlackElo "1550"]
[Opening "Ruy Lopez: 5.O-O"]
[ECO "C78"]
[NIC "RL.12"]
[Time "13:31:00"]
[TimeControl "2700+10"]

1. e4 e5 2. Nf3 Nc6 3. Bb5 a6 4. Ba4 Nf6 5. O-O b5 6. Bb3 Be7 7. d3 d6 8. h3
O-O 9. c3 Na5 10. Bc2 c5 11. Qe2 Qc7 12. Be3 Nc6 13. Nbd2 Bd7 14. Rac1 d5
15. d4 exd4 16. cxd4 c4 17. e5 Ne8 18. Bf4 Qc8 19. Rfd1 Bf5 20. Nf1 Nb4 21.
Bxf5 Qxf5 22. Bd2 Nxa2 23. Ra1 Nb4 24. Ne3 Qd7 25. Bxb4 Bxb4 26. Nh4 f6 27.
Qh5 Nc7 28. f4 fxe5 29. fxe5 Ne6 30. Qg4 Rf4 31. Qg3 Nxd4 32. Kh2 Raf8 33.
Rxa6 Ne2 34. Qg5 Be7 35. Qh5 Rxh4 36. Qxe2 Re4 37. Qd2 d4 38. Nc2 d3 39. Ne1
Qb7 40. Rda1 Re2 41. Qxe2 dxe2 42. Ra7 Qb8 43. Rxe7 Rf1 44. Raa7 Qf8
{White resigns}
0-1

[Event "ICC tourney 1900 (45 10)"]
[Site "Internet Chess Club"]
[Date "2020.07.04"]
[Round "2"]
[White "checkninja"]
[Black "chessp1234"]
[Result "1-0"]
[ICCResult "Black resigns"]
[WhiteElo "1452"]
[BlackElo "1386"]
[Opening "Sicilian defense"]
[ECO "B40"]
[NIC "SI.43"]
[Time "13:31:01"]
[TimeControl "2700+10"]

1. e4 c5 2. Nf3 e6 3. g3 Nc6 4. Bg2 Qc7 5. O-O d6 6. c3 Nf6 7. Qe2 Be7 8. d4
cxd4 9. cxd4 d5 10. exd5 Nxd5 11. Nc3 Nxc3 12. bxc3 O-O 13. Bf4 Bd6 14. Bxd6
Qxd6 15. Nd2 Rd8 16. Rfd1 Qc7 17. Rac1 b6 18. Nb3 Bb7 19. Be4 Ne7 20. c4
Rac8 21. f3 Qd7 22. Rc2 Bc6 23. Rcd2 Qb7 24. Bxc6 Qxc6 25. Rc1 a5 26. d5 Qd6
27. Re1 a4 28. Nd4 Nf5 29. Nxf5 exf5 30. Rd4 g6 31. Qe7 Qc5 32. Qxc5 Rxc5
33. Rb1 Rdc8 34. d6 Kf8 35. Rxb6 Rd8 36. Ra6 Ke8 37. Rxa4 Rc6 38. Kf2 Rdxd6
39. Rxd6 Rxd6 40. Ke3 Kd7 41. c5 Rd5 42. Rd4 Kc6 43. Rxd5 Kxd5 44. c6 Kxc6
45. Kd4 f6 46. a4 h5 47. f4 g5 48. fxg5 fxg5 49. Ke5 {Black resigns} 1-0

[Event "ICC tourney 1900 (45 10)"]
[Site "Internet Chess Club"]
[Date "2020.07.04"]
[Round "2"]
[White "imranchamp"]
[Black "math54321"]
[Result "1-0"]
[ICCResult "Black forfeits on time"]
[WhiteElo "1550"]
[BlackElo "1309"]
[Opening "Giuoco Pianissimo"]
[ECO "C50"]
[NIC "IG.02"]
[Time "13:30:46"]
[TimeControl "2700+10"]

1. e4 e5 2. Nf3 Nc6 3. Bc4 Bc5 4. d3 Nf6 5. O-O d6 6. c3 Bg4 7. Nbd2 h6 8.
Re1 O-O 9. Nf1 a6 10. h3 Be6 11. Bb3 Bxb3 12. Qxb3 Na5 13. Qd1 Bb6 14. Be3
Bxe3 15. Nxe3 c5 16. b3 Qc7 17. Nd5 Nxd5 18. exd5 b5 19. c4 f5 20. Qc2 Qf7
21. Nd2 Qg6 22. a3 Qf7 23. b4 Nb7 24. a4 cxb4 25. axb5 axb5 26. Rab1 bxc4
27. dxc4 Rfc8 28. Rxb4 Nc5 29. Reb1 Qa7 30. Nb3 Nxb3 31. Qxb3 Qd4 32. Qb2
Qxb2 33. R1xb2 Ra2 34. Rxa2 {Black forfeits on time} 1-0

[Event "ICC tourney 1900 (45 10)"]
[Site "Internet Chess Club"]
[Date "2020.07.04"]
[Round "2"]
[White "Averyyu321"]
[Black "devalapallip"]
[Result "1/2-1/2"]
[ICCResult "Game drawn by mutual agreement"]
[WhiteElo "1209"]
[BlackElo "1258"]
[Opening "Caro-Kann: classical, 7...Nd7"]
[ECO "B19"]
[NIC "CK.11"]
[Time "13:30:50"]
[TimeControl "2700+10"]

1. e4 c6 2. d4 d5 3. Nc3 dxe4 4. Nxe4 Bf5 5. Ng3 Bg6 6. h4 h6 7. Nf3 Nd7 8.
Bd3 Bxd3 9. Qxd3 Ngf6 10. Bd2 e6 11. O-O-O Be7 12. Ne4 Nxe4 13. Qxe4 Nf6 14.
Qe2 Qd5 15. c4 Qe4 16. Qxe4 Nxe4 17. Be3 f5 18. g3 Bd6 19. Rhe1 Bb4 20. Re2
O-O 21. Nd2 Nxd2 22. Bxd2 Bxd2+ 23. Rdxd2 Kf7 24. Rd3 Rad8 25. Kc2 Rd6 26.
Re5 Rfd8 27. Kc3 b6 28. b4 a6 29. a4 R8d7 30. c5 bxc5 31. Rxc5 Rc7 32. Ra5
Ra7 33. Re5 Rd5 34. f4 Rad7 35. Kc4 g6 36. Rxd5 Rxd5 37. Re3 Ke7 38. Re5 Kd6
39. Re3 Kd7 40. Re5 Kd6 41. Re2 Kd7 42. Rh2 h5 43. Rb2 Kd6 44. Re2 Kd7 45.
Re5 Kd6 46. Rxd5+ exd5+ 47. Kb3 {Game drawn by mutual agreement} 1/2-1/2

[Event "ICC tourney 1900 (45 10)"]
[Site "Internet Chess Club"]
[Date "2020.07.04"]
[Round "2"]
[White "Otelo"]
[Black "chessKingT"]
[Result "1-0"]
[ICCResult "Black forfeits on time"]
[WhiteElo "1640"]
[BlackElo "1416"]
[Opening "English: Caro-Kann defensive system"]
[ECO "A12"]
[NIC "QP.09"]
[Time "13:33:42"]
[TimeControl "2700+10"]

1. Nf3 d5 2. c4 c6 3. b3 Bf5 4. g3 e6 5. Bg2 Nf6 6. Bb2 Bc5 7. O-O h6 8. d3
O-O 9. Na3 Nbd7 10. Rc1 Re8 11. d4 Be7 12. e3 Ne4 13. Nd2 Ndf6 14. Nab1 Qa5
15. a3 Rac8 16. c5 Qc7 17. f3 Nxd2 18. Nxd2 b6 19. e4 Bh7 20. e5 Nd7 21.
cxb6 axb6 22. f4 Qa7 23. Bh3 c5 24. f5 Bg5 25. Rc2 exf5 26. Bxf5 Bxf5 27.
Rxf5 Be3+ 28. Kg2 cxd4 29. Nf1 Rxc2+ 30. Qxc2 g6 31. Nxe3 gxf5 32. Nxf5 Nxe5
33. Nxh6+ Kf8 34. Bxd4 Qe7 35. Bxb6 Qf6 36. Bc5+ Kg7 37. Nf5+
{Black forfeits on time}
1-0

[Event "ICC tourney 1900 (45 10)"]
[Site "Internet Chess Club"]
[Date "2020.07.04"]
[Round "2"]
[White "sirking2800"]
[Black "Chessplayer44"]
[Result "1-0"]
[ICCResult "Black resigns"]
[WhiteElo "1455"]
[BlackElo "1291"]
[Opening "French: exchange variation"]
[ECO "C01"]
[NIC "FR.01"]
[Time "13:30:52"]
[TimeControl "2700+10"]

1. e4 e6 2. d4 d5 3. exd5 exd5 4. Nf3 Bd6 5. Bd3 Ne7 6. O-O O-O 7. Be3 Bf5
8. c3 Nd7 9. Qc2 Bxd3 10. Qxd3 Ng6 11. Nbd2 Nf4 12. Qf5 g6 13. Qc2 g5 14. g3
Kh8 15. Qf5 Rg8 16. Kh1 Ne6 17. Qxf7 Rg6 18. Qf5 Ng7 19. Qd3 Ne6 20. c4 c6
21. c5 Bc7 22. Rae1 Qf6 23. Ng1 Rag8 24. Ne2 g4 25. f4 gxf3 26. Rxf3 Qg7 27.
Nf4 Nxf4 28. Bxf4 Bxf4 29. Rxf4 Qh6 30. Rh4 Qg7 31. Nf3 Nf6 32. Ne5 Rg5 33.
Rf1 Rxe5 34. dxe5 Ne4 35. Rxe4 dxe4 36. Qxe4 Re8 37. Rf5 Qe7 38. Kg2 Qd7 39.
Rf2 Qe7 40. e6 Qxe6 41. Rf8+ Rxf8 42. Qxe6 Kg7 43. Qe7+ Rf7 44. Qg5+ Kf8 45.
Qd8+ Kg7 46. Qa5 a6 47. a4 Kf8 48. b4 Ke8 49. b5 axb5 50. axb5 cxb5 51.
Qxb5+ Kd8 52. Qb6+ Kc8 53. Qe6+ Rd7 54. c6 bxc6 55. Qxc6+ Rc7 56. Qe6+ Kb7
57. Qb3+ Kc8 58. Kf3 Kd8 59. Kf4 Re7 60. Kg5 Kd7 61. Qb7+ Kd6 62. Qxe7+ Kxe7
63. Kh6 Kf6 64. Kxh7 Kg5 65. h3 Kh5 66. Kg7 Kg5 67. h4+ Kg4 68. Kg6
{Black resigns}
1-0

[Event "ICC tourney 1900 (45 10)"]
[Site "Internet Chess Club"]
[Date "2020.07.04"]
[Round "2"]
[White "saisneha"]
[Black "destroyingeagle"]
[Result "1-0"]
[ICCResult "Black checkmated"]
[WhiteElo "1566"]
[BlackElo "1233"]
[Opening "Modern defense: Averbakh system, Kotov variation"]
[ECO "A42"]
[NIC "KF.03"]
[Time "13:31:02"]
[TimeControl "2700+10"]

1. d4 d6 2. c4 g6 3. Nc3 Bg7 4. e4 Nc6 5. Nf3 Bg4 6. Be3 e5 7. d5 Nd4 8. Be2
Bxf3 9. Bxf3 c5 10. dxc6 bxc6 11. O-O Ne7 12. Rc1 O-O 13. b4 Rb8 14. b5 c5
15. a4 f5 16. exf5 gxf5 17. g3 Ng6 18. Bd5+ Kh8 19. Ne2 Qd7 20. f4 Nxe2+ 21.
Qxe2 e4 22. Rfd1 Qc7 23. Qa2 Qa5 24. Bc6 Rbd8 25. Qb3 Ne7 26. Bd5 Qc7 27.
Rd2 Rb8 28. Qd1 Rbd8 29. Qh5 Qa5 30. Rcd1 Bc3 31. Be6 Qc7 32. g4 Rf6 33.
gxf5 Bxd2 34. Bxd2 d5 35. cxd5 Nxd5 36. Bxd5 Rxd5 37. Bc3 Rxd1+ 38. Qxd1 Kg7
39. Qg4+ Kf7 40. Qh5+ Ke7 41. Qg5 Qd6 42. Qxf6+ Qxf6 43. Bxf6+ Kxf6 44. Kf2
Kxf5 45. a5 c4 46. b6 axb6 47. axb6 c3 48. Ke3 c2 49. Kd2 Kxf4 50. b7 e3+
51. Kxc2 Kf3 52. b8=Q Ke2 53. Qg3 h6 54. h3 h5 55. h4 Kf1 56. Qxe3 Kg2 57.
Kd2 Kh2 58. Ke2 Kg2 59. Qf3+ Kh2 60. Qf4+ Kh3 61. Qg5 Kh2 62. Kf2 Kh1 63.
Qg1# {Black checkmated} 1-0

[Event "ICC tourney 1900 (45 10)"]
[Site "Internet Chess Club"]
[Date "2020.07.04"]
[Round "2"]
[White "gardemarin13"]
[Black "MysteryHunter"]
[Result "1-0"]
[ICCResult "Black checkmated"]
[WhiteElo "1491"]
[BlackElo "1547"]
[Opening "Sicilian: Grand Prix attack"]
[ECO "B23"]
[NIC "SI.44"]
[Time "13:30:59"]
[TimeControl "2700+10"]

1. e4 c5 2. Nc3 Nc6 3. f4 e6 4. Nf3 g6 5. Bb5 Bg7 6. Bxc6 dxc6 7. d3 Ne7 8.
O-O O-O 9. Qe2 f5 10. e5 Nd5 11. Na4 b6 12. a3 Bb7 13. c4 Nc7 14. Be3 Qe7
15. Rfd1 Rfd8 16. Bf2 Qf8 17. Rab1 Na6 18. Qe1 b5 19. Nc3 Rab8 20. Ng5 Bc8
21. Na2 Bh6 22. Qa5 Bxg5 23. fxg5 Qe7 24. h4 Kg7 25. b4 cxb4 26. Nxb4 Nxb4
27. Rxb4 a6 28. Bb6 Rd7 29. cxb5 cxb5 30. d4 Kg8 31. Rc1 Bb7 32. Rb2 Rc8 33.
Rxc8+ Bxc8 34. Rc2 Bb7 35. Bc5 Qd8 36. Qb4 Kg7 37. Bd6 Kg8 38. Qc5 Kg7 39.
Qb4 Kg8 40. Rc5 Kg7 41. Qb3 Bd5 42. Qc3 Bb7 43. d5 Qe8 44. dxe6 Qxe6 45. Rc7
Rxc7 46. Qxc7+ Qf7 47. Qd8 Be4 48. Be7 h6 49. Bf6+ Qxf6 50. exf6+ Kf7 51.
Qe7+ Kg8 52. Qg7# {Black checkmated} 1-0

[Event "ICC tourney 1900 (45 10)"]
[Site "Internet Chess Club"]
[Date "2020.07.04"]
[Round "2"]
[White "CoastalJourney"]
[Black "evilking"]
[Result "0-1"]
[ICCResult "White checkmated"]
[WhiteElo "1369"]
[BlackElo "1412"]
[Opening "QGD: Tartakower (Makagonov-Bondarevsky) system"]
[ECO "D58"]
[NIC "QO.10"]
[Time "13:30:54"]
[TimeControl "2700+10"]

1. d4 d5 2. c4 e6 3. Nc3 Be7 4. Nf3 Nf6 5. Bg5 O-O 6. e3 h6 7. Bh4 b6 8. Be2
Bb7 9. cxd5 Nxd5 10. Bxe7 Qxe7 11. Nxd5 Bxd5 12. O-O Nd7 13. a3 c5 14. Rc1
Rfc8 15. dxc5 Nxc5 16. Bc4 Rd8 17. Bxd5 Rxd5 18. Qc2 Rad8 19. Nd4 Qd7 20. b4
e5 21. Nb3 Nd3 22. Ra1 Rc8 23. Qe2 Rc3 24. e4 Rd6 25. Nc1 Nf4 26. Qb2 Qc6
27. Ra2 Qxe4 28. f3 Qd4+ 29. Kh1 Qd1 30. Rg1 Rxf3 31. h3 Rf1 32. Rxf1 Qxf1+
33. Kh2 Rd1 34. Nb3 Qg1+ 35. Kg3 Rd3+ 36. Kh4 Rxh3+ 37. gxh3 Qg5#
{White checkmated}
0-1

[Event "ICC tourney 1900 (45 10)"]
[Site "Internet Chess Club"]
[Date "2020.07.04"]
[Round "2"]
[White "pawnpush202044"]
[Black "xyzchessdude"]
[Result "1-0"]
[ICCResult "Black resigns"]
[WhiteElo "1422"]
[BlackElo "1482"]
[Opening "English: symmetrical variation"]
[ECO "A38"]
[NIC "EO.64"]
[Time "13:30:53"]
[TimeControl "2700+10"]

1. c4 c5 2. Nc3 Nf6 3. g3 Nc6 4. Bg2 g6 5. Nf3 Bg7 6. O-O d6 7. d4 cxd4 8.
Nxd4 Nxd4 9. Qxd4 O-O 10. Qd3 Rb8 11. e4 Qa5 12. a3 a6 13. Bd2 Qh5 14. f3
Be6 15. Nd5 Bxd5 16. cxd5 Nd7 17. Rab1 g5 18. Rfc1 Rbc8 19. Bc3 Qg6 20. Bh3
Nc5 21. Qe3 Rcd8 22. Bxg7 Qxg7 23. b4 Nd7 24. Rc7 Ne5 25. Rxe7 Qf6 26. Rxb7
Nxf3+ 27. Kg2 Ne5 28. Rf1 Qg7 29. Bf5 g4 30. Rf4 Rc8 31. Bxc8 Rxc8 32. Qe2
h5 33. Ra7 Nf3 34. Raxf7 Qd4 35. Rxf3 gxf3+ 36. Rxf3 Rc1 37. Rf2 Qe5 38. Qf3
Rc7 39. Qf8+ Kh7 40. Rf7+ Rxf7 41. Qxf7+ Kh8 42. Qf8+ Kh7 43. Qf5+
{Black resigns}
1-0

[Event "ICC tourney 1900 (45 10)"]
[Site "Internet Chess Club"]
[Date "2020.07.04"]
[Round "2"]
[White "mydogeatschess"]
[Black "clair"]
[Result "1/2-1/2"]
[ICCResult "Game drawn because neither player has mating material"]
[WhiteElo "1353"]
[BlackElo "1605"]
[Opening "Robatsch (modern) defense"]
[ECO "B06"]
[NIC "KF.06"]
[Time "13:31:17"]
[TimeControl "2700+10"]

1. e4 g6 2. d4 Nf6 3. Nc3 d5 4. e5 Ne4 5. Nxe4 dxe4 6. Bc4 Bg7 7. Ne2 b6 8.
O-O O-O 9. Re1 c5 10. c3 cxd4 11. cxd4 Nc6 12. a3 e6 13. Bf4 Bb7 14. Qd2 Na5
15. Ba2 Bd5 16. b4 Bxa2 17. Qxa2 Nc6 18. Rad1 Qd5 19. Qxd5 exd5 20. Rc1 Rac8
21. Rc2 Ne7 22. Rec1 Rxc2 23. Rxc2 Rc8 24. Rxc8+ Nxc8 25. Bg5 h6 26. Bd8 Kf8
27. Nc3 Ke8 28. Bf6 Bxf6 29. exf6 Kd7 30. Nxd5 Ke6 31. Nc3 Nd6 32. Kf1 Kxf6
33. Ke2 Kf5 34. b5 g5 35. h3 h5 36. a4 Ke6 37. g4 hxg4 38. hxg4 f5 39. gxf5+
Kxf5 40. Nd5 Ke6 41. Nb4 g4 42. Ke3 Kf5 43. Nc6 Nc8 44. d5 Nd6 45. Nxa7 Ke5
46. Nc6+ Kxd5 47. Kf4 Kc4 48. Ne5+ Kb3 49. Nxg4 Kxa4 50. Ke5 Nxb5 51. Kxe4
Nc3+ 52. Kd3 Kb4 53. f4 Nd5 54. f5 Kc5 55. Ne3 Nf6 56. Nc2 b5 57. Kc3 Kd5
58. Kb4 Ke5 59. Ne3 Ke4 60. Kxb5 Kxe3 61. Kc5 Ke4 62. Kd6 Kxf5
{Game drawn because neither player has mating material}
1/2-1/2

[Event "ICC tourney 1900 (45 10)"]
[Site "Internet Chess Club"]
[Date "2020.07.04"]
[Round "2"]
[White "delere"]
[Black "drberkley"]
[Result "1/2-1/2"]
[ICCResult "Game drawn by mutual agreement"]
[WhiteElo "1529"]
[BlackElo "1471"]
[Opening "Pirc: classical system, 5.Be2"]
[ECO "B08"]
[NIC "PU.01"]
[Time "13:30:48"]
[TimeControl "2700+10"]

1. e4 d6 2. d4 Nf6 3. Nc3 g6 4. Nf3 Bg7 5. Be2 O-O 6. O-O Bg4 7. Be3 c6 8.
Qd2 b5 9. a3 Qc7 10. h3 Bxf3 11. Bxf3 e5 12. dxe5 dxe5 13. Rad1 Na6 14. Be2
Rfd8 15. Qc1 Qb7 16. f4 exf4 17. Bxf4 Nc5 18. Qe3 Ne6 19. Bg3 Bf8 20. Kh1
Nd7 21. Bh4 Re8 22. e5 Nec5 23. Bg3 f6 24. Qf2 f5 25. Bf3 Nxe5 26. Bxe5 Rxe5
27. Qd4 Rae8 28. b4 Ne4 29. Nxe4 fxe4 30. Bg4 e3 31. Rfe1 Bg7 32. Qd3 Qf7
33. Bf3 Qc7 34. Re2 Bf6 35. Qd6 Qxd6 36. Rxd6 R5e6 37. Rxc6 Rxc6 38. Bxc6
Re5 39. Bf3 Kf8 40. g3 Re6 41. Kg2 Bb2 42. c4 Bxa3 43. cxb5 Bxb4 44. Bg4 Re5
45. Kf3 Bc5 46. Bd7 Ke7 47. Bc6 Rf5+ 48. Kg2 Rf2+ 49. Rxf2 exf2 50. Bf3 Kd6
51. Be2 Ke5 52. Kf3 h5 53. h4 Bb6 54. Bf1 {Game drawn by mutual agreement}
1/2-1/2

[Event "ICC tourney 1900 (45 10)"]
[Site "Internet Chess Club"]
[Date "2020.07.04"]
[Round "3"]
[White "flybamboo"]
[Black "Froild"]
[Result "1-0"]
[ICCResult "Black checkmated"]
[WhiteElo "1309"]
[BlackElo "1344"]
[Opening "QGD: Marshall defense"]
[ECO "A50"]
[NIC "QP.07"]
[Time "16:03:15"]
[TimeControl "2700+10"]

1. d4 Nf6 2. c4 d5 3. cxd5 Qxd5 4. Nc3 Qa5 5. Nf3 c6 6. Qc2 Bg4 7. Nd2 e6 8.
e3 Nbd7 9. Bd3 Bd6 10. O-O Qc7 11. h3 h5 12. e4 Bf4 13. e5 Nd5 14. hxg4 hxg4
15. g3 Nxe5 16. Nxd5 exd5 17. dxe5 Bxe5 18. Re1 O-O-O 19. Bf5+ Kb8 20. Nf1
g6 21. Bxg4 f5 22. Bf3 f4 23. Rxe5 Ka8 24. Bxf4 Qh7 25. Bg2 Rdf8 26. Qa4 a6
27. Qb4 Rf7 28. Rae1 b5 29. Re8+ Rxe8 30. Rxe8+ Kb7 31. Rb8+ Ka7 32. Qc5#
{Black checkmated}
1-0

[Event "ICC tourney 1900 (45 10)"]
[Site "Internet Chess Club"]
[Date "2020.07.04"]
[Round "3"]
[White "capetarget"]
[Black "NSXchessplayer"]
[Result "1-0"]
[ICCResult "Black resigns"]
[WhiteElo "1336"]
[BlackElo "1317"]
[Opening "Ruy Lopez: Cozio defense"]
[ECO "C60"]
[NIC "RL.04"]
[Time "16:03:41"]
[TimeControl "2700+10"]

1. e4 e5 2. Nf3 Nc6 3. Bb5 Nge7 4. O-O g6 5. d4 exd4 6. Nxd4 Bg7 7. Be3 O-O
8. Nc3 d6 9. Qd2 Bd7 10. Bc4 a6 11. a4 Ne5 12. Bb3 N7c6 13. h3 Nxd4 14. Bxd4
Be6 15. f4 Bxb3 16. cxb3 Nc6 17. Bxg7 Kxg7 18. f5 f6 19. Nd5 g5 20. h4 h6
21. Qe2 Ne7 22. Qh5 Qe8 23. Qxe8 Raxe8 24. Nxc7 gxh4 25. Ne6+ Kf7 26. Nxf8
Rxf8 27. Rfd1 Rd8 28. Rac1 Nc6 29. Rc2 Re8 30. Re2 Rd8 31. Red2 Ke7 32. Kh2
Ne5 33. Kh3 Nf7 34. Kxh4 Rg8 35. Rc1 Kd7 36. Rdc2 Nd8 37. Rc7+ Ke8 38. R1c2
Rf8 39. Kh5 Rf7 40. Rxf7 Nxf7 41. Rc7 Nd8 42. Kxh6 Kf8 43. Rc8 Ke7 44. Rc7+
Kf8 45. Kg6 b5 46. axb5 axb5 47. Kxf6 Ke8 48. Rc8 Kd7 49. Rxd8+ Kxd8 50. Ke6
Kc7 51. f6 Kc6 52. f7 Kc5 53. f8=Q Kb4 54. Qxd6+ Kxb3 55. Qd5+ Kb4 56. Qxb5+
Kxb5 57. g4 {Black resigns} 1-0

[Event "ICC tourney 1900 (45 10)"]
[Site "Internet Chess Club"]
[Date "2020.07.04"]
[Round "3"]
[White "MysteryHunter"]
[Black "whyyoutrysohard"]
[Result "1-0"]
[ICCResult "Black resigns"]
[WhiteElo "1551"]
[BlackElo "1374"]
[Opening "Sicilian: dragon, Yugoslav attack, Rauser variation"]
[ECO "B76"]
[NIC "SI.17"]
[Time "16:03:41"]
[TimeControl "2700+10"]

1. e4 c5 2. Nf3 d6 3. d4 cxd4 4. Nxd4 Nf6 5. Nc3 g6 6. Be3 Bg7 7. f3 O-O 8.
Qd2 Nc6 9. O-O-O d5 10. exd5 Nxd5 11. Nxc6 bxc6 12. Bd4 Nxc3 13. Qxc3 Bh6+
14. Be3 Bxe3+ 15. Qxe3 Qb6 16. Qxb6 axb6 17. a3 Be6 18. Bd3 h5 19. Rhe1 Bd5
20. Rxe7 {Black resigns} 1-0

[Event "ICC tourney 1900 (45 10)"]
[Site "Internet Chess Club"]
[Date "2020.07.04"]
[Round "3"]
[White "dendy"]
[Black "rcww2020"]
[Result "0-1"]
[ICCResult "White resigns"]
[WhiteElo "1214"]
[BlackElo "1293"]
[Opening "Old Indian defense"]
[ECO "A53"]
[NIC "QP.07"]
[Time "16:04:10"]
[TimeControl "2700+10"]

1. d4 Nf6 2. c4 d6 3. d5 g6 4. f4 Bg7 5. Bd2 O-O 6. Bc3 c6 7. e4 Nxe4 8.
Bxg7 Kxg7 9. Qd4+ Nf6 10. Bd3 Kg8 11. g4 Bxg4 12. h3 Bh5 13. f5 Nbd7 14. Nd2
Ne5 15. Be2 Bxe2 16. Nxe2 Qa5 17. O-O-O cxd5 18. Nb3 Qxa2 19. Qc3 Nxc4 20.
Kc2 Rac8 21. Ra1 Na3+ 22. Kd3 Rxc3+ 23. Kxc3 Ne4+ 24. Kb4 Qxb2 25. Rxa3
{White resigns}
0-1

[Event "ICC tourney 1900 (45 10)"]
[Site "Internet Chess Club"]
[Date "2020.07.04"]
[Round "3"]
[White "Roger436"]
[Black "saanvichess"]
[Result "0-1"]
[ICCResult "White resigns"]
[WhiteElo "1185"]
[BlackElo "1282"]
[Opening "French: King's Indian attack"]
[ECO "C00"]
[NIC "FR.02"]
[Time "16:03:46"]
[TimeControl "2700+10"]

1. e4 e6 2. d3 d5 3. Nd2 c5 4. Ngf3 Nc6 5. g3 Bd6 6. Bg2 Nge7 7. O-O O-O 8.
Re1 Ng6 9. h4 Qf6 10. Nf1 Nge5 11. Nxe5 Bxe5 12. Bg5 Qg6 13. f4 Bd4+ 14. Kh2
f6 15. h5 Qf7 16. Bh4 Bxb2 17. Rb1 Bc3 18. Re2 Qxh5 19. exd5 exd5 20. Bxd5+
Qxd5 21. Ne3 Qh5 22. Rb3 Bd4 23. Qd2 Bxe3 24. Qxe3 Nd4 25. Re1 Nxb3 26. cxb3
Bg4 27. Rc1 Rac8 28. Kg1 Rfe8 29. Qd2 Re2 30. Qc3 Rce8 31. Qc4+ Kh8 32. Kf1
Bh3+ 33. Kg1 Qf3 {White resigns} 0-1

[Event "ICC tourney 1900 (45 10)"]
[Site "Internet Chess Club"]
[Date "2020.07.04"]
[Round "3"]
[White "Gurru235088"]
[Black "Kausy"]
[Result "0-1"]
[ICCResult "White resigns"]
[WhiteElo "1385"]
[BlackElo "1704"]
[Opening "QGD Slav defense: exchange variation"]
[ECO "D13"]
[NIC "SL.01"]
[Time "16:03:19"]
[TimeControl "2700+10"]

1. d4 d5 2. c4 c6 3. cxd5 cxd5 4. Nc3 Nf6 5. Nf3 e6 6. Bf4 Bd6 7. Bg3 O-O 8.
e3 Nc6 9. Bd3 Re8 10. a3 e5 11. dxe5 Nxe5 12. Nxe5 Bxe5 13. O-O Bxg3 14.
hxg3 Be6 15. Rc1 Rc8 16. Ne2 Qb6 17. b4 Bg4 18. Qb3 Bxe2 19. Bxe2 d4 20. Bc4
Rc7 21. exd4 Qxd4 22. Rfd1 Qb6 23. a4 Ng4 24. Qf3 Ne5 25. Qb3 Rec8 26. a5
Qf6 27. Rd4 Nf3+ 28. Qxf3 Qxd4 29. Bxf7+ Kh8 30. Rxc7 Rxc7 31. a6 Qxb4 32.
Be6 Qe1+ 33. Kh2 Qxe6 34. Qf8+ Qg8 35. Qd6 Rc6 36. Qd7 Qc8 37. axb7 Rh6+ 38.
Qh3 Rxh3+ 39. gxh3 Qxb7 {White resigns} 0-1

[Event "ICC tourney 1900 (45 10)"]
[Site "Internet Chess Club"]
[Date "2020.07.04"]
[Round "3"]
[White "sushivishwa"]
[Black "runtilmorrow1"]
[Result "1-0"]
[ICCResult "Black checkmated"]
[WhiteElo "1463"]
[BlackElo "1497"]
[Opening "Sicilian: closed"]
[ECO "B24"]
[NIC "SI.44"]
[Time "16:03:22"]
[TimeControl "2700+10"]

1. e4 c5 2. Nc3 Nc6 3. g3 g6 4. Bg2 Bg7 5. Nge2 d6 6. O-O e6 7. d3 Nge7 8.
f4 f5 9. Be3 O-O 10. Kh1 Nd4 11. Bf2 e5 12. Nxd4 cxd4 13. Ne2 Be6 14. c3 d5
15. cxd4 exd4 16. e5 g5 17. Nxd4 Bd7 18. Qb3 Bc6 19. Ne6 Qd7 20. Nxf8 Rxf8
21. Bxa7 gxf4 22. gxf4 Kh8 23. Bc5 d4 24. Bxe7 Qxe7 25. Bxc6 bxc6 26. Qc4 c5
27. Qd5 Bh6 28. Rac1 Rg8 29. Rg1 Rd8 30. Qf3 Qh4 31. Qg3 Qe7 32. Rg2 Rc8 33.
Rcg1 Qf7 34. Qh4 Rc6 35. Qd8+ Bf8 36. Qe8 Rc7 37. Qxf7 Rxf7 38. Rg8#
{Black checkmated}
1-0

[Event "ICC tourney 1900 (45 10)"]
[Site "Internet Chess Club"]
[Date "2020.07.04"]
[Round "3"]
[White "bbrockva"]
[Black "KnightHopper"]
[Result "0-1"]
[ICCResult "White resigns"]
[WhiteElo "1574"]
[BlackElo "1850"]
[Opening "QGD semi-Slav: 5.Bg5 dc"]
[ECO "D44"]
[NIC "SL.06"]
[Time "16:03:46"]
[TimeControl "2700+10"]

1. d4 d5 2. c4 e6 3. Nc3 c6 4. Nf3 Nf6 5. Bg5 dxc4 6. a4 Bb4 7. Qc2 h6 8.
Bxf6 Qxf6 9. e3 b5 10. axb5 cxb5 11. Be2 Bb7 12. O-O a6 13. Ne4 Qg6 14. Bxc4
bxc4 15. Qxc4 Bxe4 16. Qc8+ Ke7 17. Qc7+ Nd7 18. Nh4 Qg5 19. Qc4 Bd6 20. g3
Qd5 21. Qc3 g5 22. Ra5 Qb7 23. Qc1 gxh4 {White resigns} 0-1